 Dungeon Crawl Stone Soup version 0.30-a0-956-gcec3b41aec (webtiles) character file.

Game seed: 16528333360445195207

24803 DeathPants the Fighter (level 13, -2/59 (70) HPs)
             Began as a Vine Stalker Enchanter on Mar 29, 2023.
             Was an Initiate of Gozag.
             Slain by a hell rat (14 damage)
             ... on level 2 of the Lair of Beasts.
             The game lasted 00:51:38 (14410 turns).

DeathPants the Fighter (Vine Stalker Enchanter)    Turns: 14410, Time: 00:51:39

HP:   -2/59 (70)    AC:  7    Str: 16    XL:     13   Next: 15%
MP:   0/26          EV: 15    Int: 17    God:    Gozag
Gold: 2548          SH:  5    Dex: 18    Spells: 16/29 levels left

rFire   . . .      SeeInvis .    b - +2 scimitar (flame)
rCold   . . .      Faith    .    (no shield)
rNeg    . . .      Spirit   +    F - +1 robe "Waschoale" {Will++ Str+5}
rPois   +          Reflect  +    (no helmet)
rElec   .          Rampage  .    v - +2 cloak
rCorr   .                        q - +0 pair of gloves
Will    +++..                    (no boots)
Stlth   +++++                    L - amulet of Cowardice {Reflect SH+5 Stlth+}
HPRegen 1.09/turn                g - +4 ring of slaying
MPRegen 0.20/turn                E - ring of poison resistance

@: confusing by touch, gold aura, heavily drained
A: fangs 3, regeneration 1, magic shield, antimagic bite, no potion heal 2
a: Renounce Religion, Potion Petition, Call Merchant, Bribe Branch


You were on level 2 of the Lair of Beasts.
You worshipped Gozag.
Gozag was most pleased with you.
You visited 2 branches of the dungeon, and saw 16 of its levels.

You collected 2797 gold pieces.
You spent 144 gold pieces at shops.
You paid 105 gold pieces to Gozag.

Inventory:

Hand Weapons
 a - a +4 dagger of venom
 b - a +2 scimitar of flaming (weapon)
 G - a +1 long sword of holy wrath
Missiles
 k - 16 boomerangs
 H - 4 throwing nets
 M - 3 curare-tipped darts
Armour
 l - a +2 robe of resistance
 q - a +0 pair of gloves (worn)
 v - a +2 cloak (worn)
 F - the +1 robe "Waschoale" (worn) {Will++ Str+5}
   (You found it on level 6 of the Dungeon)

   Str:       It affects your strength (+5).
   Will:      It greatly increases your willpower.
 R - the +1 leather armour of Mysticism {Contam +Blink Str+4 Slay+2}
   (You took it off an orc wizard on level 12 of the Dungeon)

   Str:       It affects your strength (+4).
   Slay:      It affects your accuracy & damage with ranged weapons and melee
   (+2).
   +Blink:    It lets you blink.
   Contam:    It causes magical contamination when unequipped.
Jewellery
 d - an amulet of regeneration
 g - a +4 ring of slaying (left hand)
 B - a ring of magical power
 D - a ring of resist corrosion
 E - a ring of poison resistance (right hand)
 L - the amulet of Cowardice (around neck) {Reflect SH+5 Stlth+}
   (You found it on level 10 of the Dungeon)

   [amulet of reflection]

   It reflects blocked missile attacks.
   SH:        It affects your SH (+5).
   Stlth:     It makes you more stealthy.
 P - a ring of see invisible
 S - a ring of protection from fire
Wands
 o - a wand of flame (30)
 y - a wand of digging (11)
 z - a wand of roots (24)
 I - a wand of polymorph (5)
Scrolls
 h - 2 scrolls of blinking
 n - a scroll of enchant weapon {unknown}
 p - a scroll of teleportation
 u - a scroll of immolation {unknown}
 A - a scroll of silence {unknown}
 C - a scroll of magic mapping {unknown}
 K - 2 scrolls of fear {unknown}
 O - 2 scrolls of enchant armour {unknown}
 Q - a scroll of amnesia
 T - a scroll of brand weapon {unknown}
Potions
 c - 2 potions of invisibility
 e - 3 potions of ambrosia
 f - 6 potions of haste
 i - 4 potions of might
 j - 2 potions of brilliance
 m - 6 potions of flight
 r - 3 potions of berserk rage {unknown}
 s - 2 potions of magic {unknown}
 t - a potion of resistance
 w - 4 potions of curing
 x - 3 potions of lignification {unknown}
 J - a potion of mutation {unknown}
 N - 2 potions of cancellation {unknown}


   Skills:
 + Level 9.5 Fighting
 - Level 8.0(8.8) Short Blades
 + Level 5.4(7.5) Long Blades
 + Level 5.2 Dodging
 - Level 8.6 Stealth
 - Level 8.8 Spellcasting
 + Level 9.1 Hexes
 - Level 6.4 Transmutations
 - Level 3.0 Ice Magic


You had 16 spell levels left.
You knew the following spells:

 Your Spells              Type           Power      Damage    Failure   Level
a - Ensorcelled Hibernat  Hex/Ice        56%        N/A       1%          2
b - Confusing Touch       Hex            38%        N/A       1%          3
c - Tukima's Dance        Hex            38%        N/A       1%          3
d - Yara's Violent Unrav  Hex/Tmut       16%        3d8       11%         5

Your spell library contained the following spells:

 Spells                   Type           Power      Damage    Failure   Level
 Passwall                 Tmut/Erth      15%        N/A       4%          2
 Dazzling Flash           Conj/Hex       46%        N/A       4%          3
 Sandblast                Erth           14%        2d6       10%         1
 Stone Arrow              Conj/Erth      14%        3d7       28%         3
 Silence                  Hex/Air        11%        N/A       38%         5
 Manifold Assault         Tloc           7%         N/A       67%         4
 Enfeeble                 Hex            19%        N/A       88%         7
 Agony                    Necr           7%         N/A       95%         5
 Dispersal                Tloc           3%         N/A       100%        6
 Disjunction              Tloc           3%         N/A       100%        8


Dungeon Overview and Level Annotations

Branches:
Dungeon (13/15)            Temple (0/1) D:7            Lair (3/5) D:10
  Swamp (0/4) Lair:2          Orc (0/2) D:12
  Snake: Lair:2-3    Spider: Lair:2-3    Vaults: D:13-14

Altars:
Ashenzari
Fedhas
Gozag
Kikubaaqudgha
Okawaru
Qazlal
Uskayaw
Vehumet
Wu Jian

Shops:
D:2 !   D:5 :

Annotations:
D:3 3 runed translucent doors, Palms's ghost, weakling DEAE
Lair:1 2 transporters, bobo's ghost, journeyman DrVM


Innate Abilities, Weirdness & Mutations

You have razor-sharp teeth.
Your natural rate of healing is unusually fast.
When hurt, damage is shared between your health and your magic reserves.
Your bite disrupts and absorbs the magic of your enemies.
Potions cannot restore your health.


Message History

You closely miss the hell rat.
The hell rat is almost dead.
You block the hell rat's attack. The hell rat bites you!
* * * LOW HITPOINT WARNING * * *
You feel drained. The hell rat closely misses you.
The hell rat completely misses you.
The hell rat is distracted by your dazzling golden aura.
You block the hell rat's attack. The hell rat misses you.
The hell rat roars deafeningly!
You hit the hell rat. You burn the hell rat.
You kill the hell rat!
The hell rat is no longer distracted by gold.
The hell rat barely misses you. The hell rat closely misses you. x2
The hell rat bites you!
* * * LOW HITPOINT WARNING * * *
You feel drained.
* * * LOW HITPOINT WARNING * * *
The hell rat misses you. The hell rat barely misses you.
The hell rat bites you!
* * * LOW HITPOINT WARNING * * *
You feel drained.
* * * LOW HITPOINT WARNING * * *
The hell rat is distracted by your dazzling golden aura.
The hell rat attacks as you move away! The hell rat barely misses you.
The hell rat misses you. The hell rat attacks as you move away!
The hell rat misses you.
The hell rat is distracted by your dazzling golden aura.
The hell rat attacks as you move away! The hell rat barely misses you.
The hell rat is no longer distracted by gold. x2
The hell rat is distracted by your dazzling golden aura.
The hell rat closely misses you.
There is a stone staircase leading up here.
The hell rat barely misses you.
You climb upwards.
There is a stone staircase leading down here.
Casting: Tukima's Dance (safe; 1% risk of failure)
Confirm with . or Enter, or press ? or * to list all spells.
Your hands begin to glow red.
The hell rat bites you!
You die...
Your body crumbles into a pile of gold.

.................................
......)...................P.#####
......[..........#..............#
)........#..PP.###..............#
.........<>.....................+
>##.#.P..........)...............
.#....#.........................#
........P#....##P.#.......#P.###≈
................@...#...........≈
........#......[r...+.........≈≈≈
.P..................#........≈≈..
....................P...#.#.~≈...
...#.#..#.....#..##P...#####..≈≈~
.......................# #P##≈≈
....<..................# #####≈
.....[.................### ###P.
.........................####....


You could see a hell rat.

Vanquished Creatures
  Harold (D:10)
  Fannar (D:12)
  Erica (D:9)
  Nergalle (Lair:2)
  Amaemon (Lair:2)
  A swamp dragon (Lair:2)
  2 deep elf pyromancers (D:12)
  A cyclops (D:11)
  An orc knight (D:12)
  An ugly thing (D:12)
  2 manticores (D:12)
  3 black mambas (Lair:2)
  An orange demon (Lair:2)
  9 cane toads
  An unseen horror (D:12)
  A gargoyle (D:10)
  Psyche (D:8)
  A kobold demonologist (D:12)
  4 komodo dragons
  3 trolls
  2 hornets
  Prince Ribbit (D:7)
  8 blink frogs
  A shadow (D:9)
  A wyvern (Lair:2)
  A wraith (D:9)
  16 yaks
  A steam dragon (D:6)
  3 wargs (D:12)
  3 vampire mosquitoes (D:10)
  7 water moccasins
  3 acid dragons
  3 sky beasts
  2 black bears
  5 orc warriors
  3 ice beasts
  5 wolves
  An ogre (D:7)
  2 centaurs
  2 kobold brigands
  9 bullfrogs
  A gnoll sergeant (D:9)
  3 scorpions
  10 wights
  5 killer bees
  An electric eel (Lair:1)
  2 howler monkeys
  A hound (D:7)
  A jelly (D:4)
  3 gnoll boudas
  8 orc priests
  Jessica (D:3)
  3 iguanas
  3 sleepcaps (D:6)
  7 hell rats
  11 orc wizards
  7 adders
  23 gnolls
  A river rat (D:5)
  2 white imps (D:5)
  2 ufetubi
  3 dart slugs
  3 worms
  39 orcs
  3 ball pythons
  8 endoplasms
  4 giant cockroaches
  4 goblins
  2 hobgoblins
  14 kobolds
  6 quokkas
  3 bats
  3 frilled lizards
  7 rats
310 creatures vanquished.

Vanquished Creatures (collateral kills)
  An orc warrior (D:11)
  3 wights
  A killer bee (D:9)
  An orc priest (D:9)
  2 gnolls (D:9)
8 creatures vanquished.

Vanquished Creatures (others)
  7 dancing weapons
  An orc (D:12)
  A kobold (D:12)
  12 fungi
  26 plants
47 creatures vanquished.

Grand Total: 365 creatures vanquished

Notes
Turn   | Place    | Note
-------+----------+-------------------------------------------
     0 | D:1      | DeathPants the Vine Stalker Enchanter began the quest for
                  | the Orb.
     0 | D:1      | Reached XP level 1. HP: 9/9 MP: 4/4
   269 | D:1      | Reached XP level 2. HP: 14/14 MP: 6/6
   272 | D:1      | Learned a level 2 spell: Ensorcelled Hibernation
   609 | D:1      | Found a faded altar of an unknown god.
   811 | D:1      | Reached skill level 1 in Fighting
   823 | D:2      | Found Miruokk's Distillery.
   880 | D:1      | Identified a scroll of acquirement
   880 | D:1      | Acquired an amulet of regeneration
  1132 | D:2      | Bought a potion of might for 48 gold pieces
  1244 | D:2      | Reached XP level 3. HP: 18/18 MP: 7/7
  1263 | D:2      | Learned a level 3 spell: Confusing Touch
  1376 | D:2      | You fall into a shaft and drop 1 floor!
  1773 | D:3      | Reached skill level 1 in Ice Magic
  1895 | D:3      | Found a runed translucent gate.
  1895 | D:3      | Found a runed translucent gate.
  1895 | D:3      | Found a runed translucent gate.
  1896 | D:3      | Noticed Palms's ghost (weakling DEAE)
  1906 | D:3      | Noticed Jessica
  1912 | D:3      | Killed Jessica
  1913 | D:3      | Gained mutation: Your natural rate of healing is unusually
                  | fast. [Vine Stalker growth]
  1913 | D:3      | Reached XP level 4. HP: 22/22 MP: 9/9
  1959 | D:3      | Found an ornate altar of the Wu Jian Council.
  2216 | D:3      | Found a blossoming altar of Fedhas.
  2446 | D:4      | Found a stormy altar of Qazlal.
  2581 | D:5      | Entered Level 5 of the Dungeon
  2658 | D:4      | Noticed a bullfrog
  2659 | D:4      | Reached XP level 5. HP: 24/26 MP: 5/10
  2709 | D:5      | Reached XP level 6. HP: 27/31 MP: 9/12
  2856 | D:4      | Found an ancient bone altar of Kikubaaqudgha.
  2949 | D:5      | Noticed an ice beast
  2955 | D:5      | Killed an ice beast
  3187 | D:4      | Reached XP level 7. HP: 20/36 MP: 7/14
  3247 | D:4      | Found a radiant altar of Vehumet.
  3453 | D:5      | Found Siawnuf's Book Shoppe.
  3575 | D:4      | Learned a level 3 spell: Tukima's Dance
  3952 | D:5      | Reached skill level 5 in Hexes
  4136 | D:5      | Found a large runed translucent door.
  4137 | D:5      | Found a large runed translucent door.
  4520 | D:5      | Found an opulent altar of Gozag.
  4529 | D:5      | Became a worshipper of Gozag Ym Sagoz the Greedy
  4537 | D:5      | Found a hide-covered altar of Uskayaw.
  4647 | D:2      | Bought 2 potions of might for 96 gold pieces
  4820 | D:6      | Noticed a steam dragon
  4837 | D:6      | Killed a steam dragon
  4838 | D:6      | Reached skill level 1 in Short Blades
  4838 | D:6      | Reached skill level 5 in Spellcasting
  4838 | D:6      | Gained mutation: You have razor-sharp teeth. [Vine Stalker
                  | growth]
  4838 | D:6      | Reached XP level 8. HP: 30/42 MP: 12/16
  5104 | D:7      | Noticed Prince Ribbit
  5118 | D:7      | Killed Prince Ribbit
  5208 | D:7      | Found a staircase to the Ecumenical Temple.
  5495 | D:7      | Found an iron altar of Okawaru.
  5498 | D:7      | Identified the +5 spear "Deppew" {elec, Will+}
  5502 | D:7      | Reached skill level 5 in Fighting
  5518 | D:7      | Reached XP level 9. HP: 17/47 MP: 5/18
  5874 | D:6      | Noticed a hornet
  5878 | D:6      | Killed a hornet
  5911 | D:6      | Reached skill level 5 in Stealth
  6102 | D:6      | Found a broken altar of Ashenzari.
  6533 | D:6      | Identified the +1 robe "Waschoale" {Will++ Str+5}
  7055 | D:8      | Found a transporter.
  7236 | D:8      | Noticed Psyche
  7246 | D:8      | Killed Psyche
  7281 | D:9      | Found a flagged portal.
  7342 | D:8      | Found a transporter.
  7492 | D:8      | Reached skill level 5 in Short Blades
  7525 | D:8      | Reached XP level 10. HP: 38/53 MP: 14/19
  7950 | D:8      | Found a transporter.
  8130 | D:8      | Found a transporter.
  8456 | D:10     | Entered Level 10 of the Dungeon
  8502 | D:9      | Learned a level 5 spell: Yara's Violent Unravelling
  8601 | D:9      | Noticed Erica
  8615 | D:9      | Killed Erica
  8616 | D:9      | Reached skill level 1 in Transmutations
  8950 | D:10     | Found a staircase to the Lair.
  9100 | D:10     | Noticed a gargoyle
  9145 | D:10     | Killed a gargoyle
  9146 | D:10     | Reached skill level 5 in Dodging
  9146 | D:10     | Reached XP level 11. HP: 35/58 MP: 8/20
  9255 | D:10     | Noticed Harold
  9276 | D:10     | Killed Harold
  9339 | D:10     | Identified the amulet of Cowardice {Reflect SH+5 Stlth+}
 10081 | D:11     | Noticed a cyclops
 10094 | D:11     | Killed a cyclops
 10656 | D:12     | Noticed a green ugly thing
 10671 | D:12     | Killed a green ugly thing
 10742 | D:12     | Noticed an orc knight
 10766 | D:12     | Noticed a manticore
 10772 | D:12     | Killed an orc knight
 10773 | D:12     | Reached skill level 1 in Long Blades
 10782 | D:12     | Identified the +1 leather armour of Mysticism {Contam
                  | +Blink Str+4 Slay+2}
 10785 | D:12     | Found a staircase to the Orcish Mines.
 10795 | D:12     | Noticed a deep elf pyromancer
 10805 | D:12     | Noticed Fannar
 10810 | D:12     | Killed a manticore
 11069 | D:12     | Killed a deep elf pyromancer
 11129 | D:12     | Killed Fannar
 11135 | D:12     | Noticed a deep elf pyromancer
 11154 | D:12     | Killed a deep elf pyromancer
 11159 | D:12     | Noticed a manticore
 11170 | D:12     | Killed a manticore
 11171 | D:12     | Reached XP level 12. HP: 35/64 MP: 16/23
 11565 | Lair:1   | Entered Level 1 of the Lair of Beasts
 11665 | Lair:2   | Reached skill level 5 in Transmutations
 12332 | Lair:1   | Found a transporter.
 12336 | Lair:1   | Found a transporter.
 12337 | Lair:1   | Noticed bobo's ghost (journeyman DrVM)
 13309 | Lair:2   | Noticed Amaemon
 13313 | Lair:2   | Noticed Nergalle
 13323 | Lair:2   | Killed Amaemon
 13414 | Lair:2   | Killed Nergalle
 13586 | Lair:2   | Found a staircase to the Swamp.
 13722 | Lair:2   | Reached skill level 5 in Long Blades
 13722 | Lair:2   | Reached XP level 13. HP: 45/70 MP: 21/26
 14410 | Lair:2   | Slain by a hell rat

Illustrated notes

Levels and vault maps discovered:
D:1:      evilmike_arrival_plus, layout_basic,
          hellmonk_ecumenical_altar_leap_of_faith
D:2:      layout_basic, serial_shops, nicolae_shop_hallway_stairs,
          minmay_misc_feat_chi
D:3:      layout_basic, nzn_wu_jian_contemplation,
          mainiacjoe_overflow_cross_hatched, gammafunk_ghost_necromancy,
          minmay_misc_feat_more_columns, uniq_jessica
D:4:      layout_loops_cross, mainiacjoe_overflow_tiny_flanked,
          nicolae_qazlal_general_emergency, nicolae_vehumet_altar_sigil,
          serial_rivers, chequers_serial_rivers_room_b,
          chequers_serial_rivers_micro_b, chequers_serial_rivers_small_3,
          chequers_serial_rivers_micro_d
D:5:      layout_layer_cave, jmf_multi_god_temple2, serial_shops, shop,
          gup_sewer_entry_bubbles, dk_noncrumbling_2
D:6:      layout_basic, mainiacjoe_overflow_24_doors
D:7:      layout_loops_corners, okawaru_ov_weapons_minmay,
          minmay_temple_entry_glassed_door, nicolae_ossuary_entry_ruins,
          uniq_prince_ribbit1
D:8:      layout_loops_ring, nicolae_transporter_intersection, uniq_psyche
D:9:      layout_cave_pools, enter_bailey_2, uniq_erica
D:10:     layout_irregular_city, lair_entry_dummy, uniq_harold
D:11:     layout_irregular_city
D:12:     layout_loops_cross, erik_orc_4, uniq_fannar
D:13:     layout_grid_maze, david_vaults_4, uniq_jorgrun
Lair:1:   layout_gridlike, gammafunk_ghost_hive
Lair:2:   layout_chaotic_city, minmay_swamp_entry_reptiles,
          nicolae_quartered_pool_impasse, chequers_serial_rivers_small_b,
          infiniplex_staircase_pool_2, uniq_nergalle, uniq_amaemon
Lair:3:   layout_gridlike, nicolae_spider_entry_orb_guardian,
          gammafunk_ghost_icy

Skill      XL: |  1  2  3  4  5  6  7  8  9 10 11 12 13 |
---------------+----------------------------------------+-----
Fighting       | 1 2 3 4 5 6 7 8 9 |  9.5
Ice Magic      | 1 2 3 |  3.0
Spellcasting   | 3 4 5 7 8 |  8.8
Hexes          | 4 5 6 7 8 9 |  9.1
Short Blades   | 1 3 5 7 8 |  8.0
Stealth        | 4 6 8 |  8.6
Dodging        | 2 3 5 |  5.2
Transmutations | 2 4 6 |  6.4
Long Blades    | 2 5 |  5.4

Action                     |  1- 3 |  4- 6 |  7- 9 | 10-12 | 13-15 || total
---------------------------+-------+-------+-------+-------+-------++-------
  Melee: Dagger            |    76 |    66 |   241 |   571 |       ||   954
         Bite              |    21 |    15 |   105 |   294 |    24 ||   459
         Punch             |       |     3 |     4 |    13 |       ||    20
         Rapier            |       |       |     3 |    84 |       ||    87
         Scimitar          |       |       |       |    13 |    48 ||    61
  Throw: Dart              |       |       |     1 |       |       ||     1
   Cast: Ensorcelled Hiber |     3 |     5 |     9 |     8 |       ||    25
         Confusing Touch   |       |       |     6 |     5 |     1 ||    12
         Tukima's Dance    |       |       |    12 |    29 |       ||    41
    Use: Scroll            |     4 |     2 |     3 |     6 |       ||    15
         Potion            |       |       |       |     3 |     2 ||     5
   Stab: Sleeping          |    13 |     7 |    12 |    12 |     3 ||    47
         Confused          |       |       |     4 |     4 |       ||     8
         Distracted        |       |       |     1 |     3 |       ||     4
         Invisible         |       |       |       |     4 |     6 ||    10
 Armour: Robe              |    12 |    13 |    38 |   133 |     6 ||   202
  Dodge: Dodged            |    39 |    21 |    97 |   415 |    41 ||   613
  Block: Other             |       |       |       |    85 |    10 ||    95
         Reflection        |       |       |       |     2 |       ||     2

Table legend: (Time is in decaauts)
 A = Elapsed time spent in this place.
 B = Non-inter-level travel time spent in this place.
 C = Inter-level travel time spent in this place.
 D = Time resting spent in this place.
 E = Time spent auto-exploring this place.
 F = Levels seen in this place.
 G = Mean time per level.
                   A        B        C        D        E       F      G
               +--------+--------+--------+--------+--------+-----+--------+
         Total |  14181 |  13533 |    648 |    465 |   9286 |  16 |  886.3 |
       Dungeon |  11454 |  10964 |    490 |    310 |   7654 |  13 |  881.1 |
          Lair |   2726 |   2569 |    157 |    155 |   1632 |   3 |  908.7 |
               +--------+--------+--------+--------+--------+-----+--------+

Top non-repeatable levels by time:
     D:7: 1376 daAuts
  Lair:1: 1338 daAuts
  Lair:2: 1251 daAuts
     D:5: 1174 daAuts
     D:4: 1117 daAuts
     D:6: 1089 daAuts
     D:8: 1043 daAuts
    D:12: 941 daAuts
     D:1: 886 daAuts
    D:10: 877 daAuts
     D:2: 871 daAuts
    D:11: 777 daAuts
     D:3: 693 daAuts
     D:9: 589 daAuts
  Lair:3: 137 daAuts
